Map: Void Training Stage 3

Players

Player 2

  • Race: Protoss Protoss
  • Spawn Location: 6:00

grillbottom - Winner!

  • Race: Protoss Protoss
  • Spawn Location: 12:00

VOD

Have the link to the VOD?

Description

Time

  • Played on: Dec. 12, 2020, 3:28 a.m.
  • Length: 18:33
Show
View Real Time Build Order
Export as new Build Order

Player 2 Protoss 

Build Orders:  

Get SALT Encoding   

  12  0:00  Probe  
  13  0:13  Probe  
  14  0:21  Pylon  
  14  0:25  Probe  
  15  0:35  Probe  
  16  0:44  Probe  
  16  0:47  Assimilator  
  17  0:50  Gateway  
  17  0:53  Probe  
  18  1:00  Pylon  
  18  1:29  Gateway  
  18  1:34  Assimilator  
  18  1:40  Cybernetics Core  
  18  1:46  Zealot  
  20  2:04  Pylon  
  20  2:06  Zealot  
  22  2:17  Warp Gate  
  22  2:24  Adept  
  24  2:35  Adept  
  26  2:49  Probe  
  27  2:54  Adept  
  27  2:57  Stalker  
  27  2:58  Pylon  
  29  3:01  Probe  
  32  3:13  Probe  
  33  3:24  Forge, Adept  
  33  3:25  Probe  
  36  3:29  Adept  
  38  3:38  Probe  
  39  3:50  Probe  
  40  5:09  Probe, Stalker  
  40  5:11  Photon Cannon  
  40  5:12  Photon Cannon  
  40  5:13  Pylon  
  43  5:15  Robotics Facility  
  43  5:18  Stargate  
  43  5:21  Twilight Council, Sentry  
  45  5:29  Gateway  
  45  5:31  Probe  
  45  5:33  Stalker  
  45  5:35  Pylon  
  48  5:45  Stalker  
  48  5:47  Forge  
  46  5:57  Stalker  
  46  6:02  Observer  
  41  6:10  Sentry  
  39  6:17  Observer  
  39  6:22  Stalker  
  42  6:34  Zealot  
  42  6:35  Nexus  
  44  6:46  Zealot  
  46  6:58  Adept  
  48  7:10  Adept  
  50  7:47  Probe x2  
  52  7:55  Assimilator, Probe  
  52  7:56  Pylon  
  52  7:59  Probe, Pylon  
  52  8:04  Probe  
  54  8:11  Probe  
  56  8:17  Probe  
  57  8:20  Photon Cannon  
  57  8:21  Probe  
  57  8:24  Photon Cannon  
  58  8:29  Probe x2  
  60  8:38  Probe  
  60  8:41  Probe  
  61  8:46  Probe  
  62  8:53  Probe  
  62  8:54  Probe  
  65  9:04  Probe  
  65  9:05  Probe  
  67  9:11  Protoss Ground Weapons Level 1  
  67  9:24  Assimilator  
  67  9:26  Warp Prism  
  67  9:30  Protoss Ground Armor Level 1  
  69  9:35  Gateway  
  69  9:38  Templar Archives  
  69  9:39  Robotics Bay  
  69  9:40  Stalker x2  
  69  9:41  Robotics Facility  
  69  9:44  Stargate  
  69  9:47  Probe  
  69  9:48  Dark Shrine  
  69  9:50  Probe  
  71  9:57  Immortal  
  69  10:11  Stalker  
  55  10:23  Zealot  
  55  10:27  Warp Prism  
  59  10:29  Gravitic Boosters  
  59  10:35  Zealot  
  61  10:36  Observer  
  62  10:47  Stalker  
  64  11:00  High Templar  
  66  11:12  High Templar  
  68  11:22  Nexus  
  68  11:26  Gravitic Drive  
  68  11:29  Archon, High Templar  
  70  11:41  High Templar  
  72  11:58  Archon, High Templar  
  74  12:11  High Templar  
  76  12:28  Archon  
  76  12:29  Dark Templar  
  78  12:34  Probe  
  78  12:37  Probe x2  
  79  12:41  Assimilator  
  81  12:46  Probe x2  
  81  12:49  Probe  
  84  12:52  Pylon  
  84  12:58  Probe x2  
  84  12:59  Pylon  
  84  13:01  Probe  
  84  13:02  Assimilator  
  87  13:12  Sentry  
  87  13:18  Fleet Beacon  
  87  13:19  Zealot  
  91  13:21  Pylon  
  91  13:26  Stalker  
  93  13:32  Stalker  
  95  13:38  Sentry  
  97  13:45  Adept  
  97  13:46  Void Ray  
  93  13:49  Carrier  
  93  13:51  Observer  
  77  13:57  Colossus  
  89  14:11  Zealot  
  91  14:17  Stalker  
  93  14:24  Zealot  
  93  14:30  Stalker  
  97  14:50  Zealot  
  97  14:57  Stalker  
  97  14:58  Void Ray  
  87  15:02  Twilight Council  
  89  15:08  Probe, Photon Cannon  
  89  15:09  Probe  
  89  15:12  Forge, Immortal  
  90  15:14  Gateway  
  90  15:16  Pylon  
  90  15:17  Probe  
  90  15:19  Stalker  
  90  15:20  Forge  
  90  15:21  Probe  
  95  15:26  Stalker  
  87  15:31  Void Ray  
  87  15:35  Robotics Facility  
  84  15:38  Gateway  
  81  15:47  Gateway  
  78  15:56  Photon Cannon  
  73  16:00  Pylon  
  73  16:04  Pylon  
  73  16:10  Cybernetics Core  
  73  16:16  Pylon  
  48  16:19  Zealot  
  37  16:31  Pylon  
  37  16:32  Zealot  
  39  16:37  Nexus  
  33  16:40  Zealot  
  33  16:42  Photon Cannon  
  24  16:51  Sentry  
  5  17:20  Pylon  
  5  17:37  Nexus  
  5  17:43  Pylon  
  5  17:47  Probe  
Show
View Real Time Build Order
Export as new Build Order

grillbottom Protoss - Winner!

Build Orders: Oracle Opening, Carriers 

Get SALT Encoding   

  12  0:02  Probe  
  13  0:14  Probe  
  14  0:21  Pylon  
  14  0:26  Probe (Chrono Boost)  
  15  0:38  Probe (Chrono Boost)  
  16  0:49  Gateway  
  16  0:53  Assimilator  
  16  0:55  Probe  
  17  1:05  Pylon  
  17  1:07  Probe  
  18  1:14  Assimilator  
  18  1:19  Probe (Chrono Boost)  
  19  1:39  Cybernetics Core, Probe  
  20  1:50  Pylon  
  20  2:01  Probe  
  21  2:13  Stalker (Chrono Boost)  
  21  2:21  Nexus  
  23  2:34  Stargate, Warp Gate  
  23  2:43  Pylon  
  23  2:48  Stalker  
  25  3:00  Shield Battery  
  25  3:12  Pylon  
  25  3:18  Oracle (Chrono Boost)  
  28  3:28  Stalker  
  30  3:38  Shield Battery  
  30  3:41  Void Ray (Chrono Boost)  
  34  4:06  Robotics Facility  
  34  4:18  Shield Battery  
  34  4:24  Void Ray (Chrono Boost)  
  38  4:33  Probe  
  39  4:46  Probe (Chrono Boost)  
  40  4:52  Assimilator  
  40  4:57  Assimilator  
  40  4:58  Probe (Chrono Boost)  
  41  5:05  Probe (Chrono Boost)  
  42  5:08  Immortal  
  42  5:12  Probe  
  47  5:24  Probe  
  48  5:36  Probe  
  49  5:48  Probe  
  50  6:00  Probe  
  51  6:12  Probe  
  52  6:18  Sentry  
  54  6:31  Probe  
  55  6:38  Immortal (Chrono Boost)  
  55  6:42  Void Ray  
  55  6:43  Probe  
  64  6:56  Probe  
  65  7:06  Protoss Air Weapons Level 1  
  65  7:08  Probe  
  66  7:09  Nexus  
  66  7:11  Immortal (Chrono Boost)  
  70  7:28  Pylon  
  70  7:30  Pylon  
  70  7:43  Fleet Beacon  
  70  7:46  Probe  
  70  7:50  Immortal  
  75  8:00  Stargate  
  75  8:11  Pylon  
  75  8:14  Pylon  
  75  8:25  Probe  
  76  8:34  Immortal  
  76  8:37  Probe  
  81  8:45  Shield Battery  
  81  8:49  Shield Battery  
  81  8:51  Carrier (Chrono Boost)  
  87  9:35  Shield Battery  
  87  9:36  Shield Battery  
  87  9:41  Carrier  
  87  9:42  Pylon  
  93  9:52  Forge  
  90  10:25  Shield Battery  
  90  10:27  Shield Battery  
  90  10:29  Probe  
  91  10:41  Probe  
  92  10:43  Assimilator  
  92  10:45  Carrier  
  92  10:48  Assimilator  
  98  10:53  Probe  
  99  11:00  Immortal  
  103  11:05  Probe  
  104  11:17  Probe  
  105  11:19  Stalker  
  107  11:26  Protoss Air Weapons Level 2  
  107  11:32  Photon Cannon  
  107  11:34  Photon Cannon  
  107  11:37  Photon Cannon  
  107  11:38  Photon Cannon  
  107  11:58  Pylon  
  107  12:01  Pylon  
  107  12:02  Carrier (Chrono Boost)  
  113  12:28  Immortal (Chrono Boost)  
  113  12:37  Stalker  
  119  13:00  Immortal  
  123  13:11  Carrier (Chrono Boost)  
  129  13:16  Pylon  
  129  13:22  Carrier (Chrono Boost)  
  135  13:37  Pylon  
  135  13:40  Pylon  
  133  14:19  Carrier  
  139  14:25  Protoss Air Armor Level 1, Pylon  
  139  14:27  Pylon  
  139  15:21  Carrier (Chrono Boost)  
  139  15:51  Carrier (Chrono Boost)  
  145  16:17  Carrier  
  151  16:48  Carrier  
  169  17:58  Pylon  
  169  18:01  Pylon  
Tags
 
Composition
Carriers
Matchup
PvP
Spawn Locations
Cross Positions
Add a new tag
Caveats
  • Supply blocks, unpowered buildings, or Contaminate may cause inaccurate times.
  • Supply counts are checked every 10 seconds.